布響丸辣 - Maphacking again

Match 33678533
End
Panzergrenadier Squad
250 Light Carrier
Selects Battlefield Espionage Battlegroup
Panzergrenadier Squad
Construct Light Support Kompanie
Panzergrenadier Squad
Fire Support Elements
Selects Intel Disruption Beacon
Flakvierling Half-track
le.IG 18 Mechanized Group
Vehicle Survival Package
Selects Plunder
2.5-tonne Medical Truck
Veteran Squad Leaders
Selects 250/3 Funkpanzerwagen
Construct Panzerarmee Kommand
Armored Reserves
Panzer IV Assault Group
Selects Disruption Operation
Selects Anti-Tank Incendiary Munitions
Emergency Repair Kits
Tiger Heavy Tank
Disruption Operation
Rapid Advance
Selects Operation Skorpion
Walking Stuka Rocket Launcher
Disruption Operation
Advanced Optics
Operation Skorpion
Panzer IV Assault Group
Panzer III L Medium Tank
Disruption Operation
WilllTHENOOBz
我真的不是驴
旧时光
布響丸辣
ChaBoi
Marowi
Hunter Blacked™
Don't Bully Me, I'll Cum
0
0

Comments sign in to comment!

No comments posted yet!